 Dungeon Crawl Stone Soup version 0.23.2-40-g277498a001 (webtiles) character file.

Game seed: 16767234652369502141

35 Martska the Chiller (level 3, 0/27 HPs)
             Began as a Merfolk Ice Elementalist on Sept 30, 2019.
             Slain by an adder (1 damage)
             ... on level 2 of the Dungeon.
             The game lasted 00:05:07 (1666 turns).

Martska the Chiller (Merfolk Ice Elementalist)      Turns: 1666, Time: 00:05:07

Health: 0/27       AC:  3    Str:  8    XL:     3   Next: 35%
Magic:  0/6        EV: 13    Int: 14    God:
Gold:   75         SH:  0    Dex: 15    Spells: 0/6 levels left

rFire    . . .     SeeInvis .   f - +0 club
rCold    . . .     Gourm    .   (no shield)
rNeg     . . .     Faith    .   a - +0 robe
rPois    .         Spirit   .   (no helmet)
rElec    .         Reflect  .   (no cloak)
rCorr    .         Harm     .   d - +0 pair of gloves
MR       .....                  (no boots)
Stlth    ++........             (no amulet)
HPRegen  0.09/turn              (no ring)
MPRegen  0.10/turn              (no ring)

@: lethally poisoned (0 -> -4), very slightly contaminated
A: change form in water, swift swim, stealthy swim
a: no special abilities


You were on level 2 of the Dungeon.
You were not hungry.

You visited 1 branch of the dungeon, and saw 2 of its levels.

You collected 75 gold pieces.

Inventory:

Hand Weapons
 f - a +0 club (weapon)
Armour
 a - a +0 robe (worn)
 d - a +0 pair of gloves (worn)
Scrolls
 b - 2 scrolls of teleportation {unknown}
 g - a scroll of random uselessness {unknown}
Potions
 e - 2 potions of resistance {unknown}
Comestibles
 c - 2 rations


   Skills:
 * Level 1.8 Fighting
 * Level 3.3 Dodging
 + Level 2.4 Stealth
 + Level 2.1 Spellcasting
 - Level 0.7 Conjurations
 + Level 0.2 Charms
 + Level 3.5 Ice Magic


You couldn't memorise any spells.
You knew the following spells:

 Your Spells              Type           Power        Failure   Level  Hunger
a - Freeze                Ice            ##..         5%          1    #......
b - Throw Frost           Conj/Ice       #.....       16%         2    ###....
c - Ozocubu's Armour      Chrm/Ice       #.......     32%         3    ###....

Your spell library contained the following spells:

 Spells                   Type           Power        Failure   Level  Hunger
 Throw Icicle             Conj/Ice       #.......     69%         4    #####..
 Summon Ice Beast         Ice/Summ       #.......     75%         4    #####..


Dungeon Overview and Level Annotations

Branches:
Dungeon (2/15)

Altars:


Message History

Aim: an adder (severely wounded)
You freeze the adder.
The adder is almost dead.
The adder seems to slow down.
The adder bites you.
* * * LOW HITPOINT WARNING * * *
You feel sick.
The adder is no longer moving slowly.
The adder bites you.
* * * LOW HITPOINT WARNING * * *
You are lethally poisoned!
The adder poisons you!
There is an open door here.
* * * LOW HITPOINT WARNING * * *
You feel sick.
Casting: Freeze (safe; 5% risk of failure)
Confirm with . or Enter, or press ? or * to list all spells.
Aiming: Freeze (safe; 5% risk of failure)
Press: ? - help, Shift-Dir - straight line, f/p - adder
Aim: an adder (almost dead)
You miscast Freeze.
Nothing appears to happen.
The adder bites you.
You die...

# # #.#.#.
#.....######
#>.........+
#.....#.#### #....
#.####### #...
#.#.....#
#.....#.#.....#### #.
..#.'S@....... .
..#.#.........
#+#.###.########
#.#.#.........#
#.#.#.#.#####.#
#########.#...#.....#
.........)#.........#
..........#.#..)......
..............##......


You could see an adder.

Vanquished Creatures
  An adder (D:2)
  A worm (D:2)
  A dart slug (D:1)
  2 bats
  A giant cockroach (D:1)
  3 hobgoblins (D:1)
  4 kobolds
  A frilled lizard (D:1)
  4 goblins
  2 rats (D:1)
20 creatures vanquished.

Notes
Turn   | Place    | Note
-------+----------+-------------------------------------------
     0 | D:1      | Martska the Merfolk Ice Elementalist began the quest for
                  | the Orb.
     0 | D:1      | Reached XP level 1. HP: 13/13 MP: 3/3
   693 | D:1      | Reached XP level 2. HP: 18/20 MP: 0/5
   698 | D:1      | Reached skill level 1 in Fighting
  1211 | D:2      | Reached XP level 3. HP: 23/27 MP: 1/6
  1274 | D:2      | Learned a level 2 spell: Throw Frost
  1278 | D:2      | Learned a level 3 spell: Ozocubu's Armour
  1665 | D:2      | HP: 1/27 [poisoned by an adder]
  1666 | D:2      | Slain by an adder

Skill      XL: |  1  2 |
---------------+-------+-----
Dodging        | 3 |  3.3
Fighting       | 1 |  1.8
Stealth        | |  2.4
Spellcasting   | |  2.1
Conjurations   | |  0.7
Charms         | |  0.2
Ice Magic      | |  3.5

Action                   || total
-------------------------++-------
Melee: Club              ||    54
       Unarmed           ||     5
 Cast: Freeze            ||    27
       Throw Frost       ||     9
  Eat: Ration            ||     1
Armor: Robe              ||    22
Dodge: Dodged            ||    70
